Map: Ulrena

Players

GhostOrder - Winner!

  • Race: Terran Terran
  • League: Gold

chocateboy

  • Race: Terran Terran
  • League: Gold

VOD

Have the link to the VOD?

Description

Time

  • Played on: Feb. 1, 2016, 6:58 p.m.
  • Length: 16:11
Show
View Real Time Build Order
Export as new Build Order

GhostOrder Terran - Winner!

Build Orders: Reaper Expand, Mech 

Get SALT Encoding   

  12  0:01  SCV  
  13  0:13  SCV  
  14  0:17  Supply Depot  
  14  0:25  SCV  
  15  0:39  SCV  
  15  0:40  Barracks  
  16  0:44  Refinery  
  16  0:51  SCV  
  17  1:03  SCV  
  18  1:15  SCV  
  19  1:28  Orbital Command  
  19  1:29  Reaper  
  20  1:49  Command Center  
  20  1:55  SCV  
  21  2:03  Marine  
  21  2:07  Supply Depot  
  21  2:11  SCV  
  22  2:16  Factory  
  22  2:23  SCV  
  23  2:35  SCV  
  24  2:46  Barracks Reactor  
  24  2:47  SCV  
  24  2:59  SCV  
  24  3:01  Starport  
  24  3:02  Orbital Command, Hellion  
  27  3:12  SCV  
  28  3:22  Orbital Command  
  28  3:24  Supply Depot  
  28  3:36  Hellion x2  
  32  3:41  SCV  
  33  3:54  SCV, Medivac  
  33  3:55  Marine  
  37  3:57  SCV, Hellion x2  
  42  4:03  Bunker  
  42  4:06  SCV  
  42  4:07  Refinery  
  42  4:08  Refinery  
  42  4:09  SCV  
  44  4:10  Refinery  
  44  4:13  Marine  
  45  4:18  SCV  
  45  4:21  SCV  
  47  4:30  SCV  
  48  4:33  SCV  
  48  4:35  Marine  
  48  4:36  Widow Mine x2  
  54  4:40  Supply Depot  
  54  4:45  Command Center  
  54  5:01  Viking  
  54  5:02  SCV x2  
  50  5:14  SCV  
  51  5:17  Factory  
  51  5:20  SCV, Factory Tech Lab  
  52  5:26  SCV  
  53  5:35  Engineering Bay  
  53  5:37  SCV  
  53  5:38  Marine x2, SCV  
  53  5:39  Siege Tank  
  60  5:47  Starport Reactor  
  60  5:49  SCV  
  61  5:50  SCV  
  61  5:53  Armory  
  61  5:54  Factory  
  61  5:56  Supply Depot x2  
  62  5:59  Marine x2  
  62  6:01  SCV, Orbital Command  
  62  6:02  SCV  
  66  6:08  Missile Turret  
  66  6:13  SCV, Factory Tech Lab  
  66  6:14  SCV  
  68  6:24  Missile Turret  
  68  6:26  SCV x2, Missile Turret  
  68  6:27  Sensor Tower  
  68  6:28  SCV  
  68  6:30  Marine x2  
  68  6:31  Siege Tank  
  76  6:37  Viking x2  
  76  6:38  SCV  
  81  6:47  Terran Vehicle Weapons Level 1  
  81  6:57  Missile Turret  
  81  6:59  SCV x2  
  81  7:00  Missile Turret  
  84  7:02  Supply Depot  
  84  7:03  Barracks Reactor  
  84  7:04  Supply Depot  
  84  7:07  Siege Tank x2  
  89  7:11  SCV x2  
  89  7:12  Orbital Command  
  91  7:17  Widow Mine  
  93  7:23  Widow Mine  
  93  7:26  Armory  
  95  7:30  SCV  
  95  7:31  SCV  
  97  7:43  SCV x2  
  99  7:45  Siege Tank x2, Refinery x2  
  105  7:56  SCV  
  108  7:58  Hellion x2  
  108  8:05  Supply Depot x2  
  108  8:06  Sensor Tower, Supply Depot  
  108  8:07  Missile Turret  
  108  8:18  SCV  
  109  8:20  Supply Depot  
  109  8:21  Supply Depot  
  109  8:22  Supply Depot  
  109  8:26  SCV x2  
  111  8:30  SCV  
  111  8:31  Supply Depot x2, Viking x2  
  111  8:32  Supply Depot  
  116  8:38  SCV  
  117  8:48  Infernal Pre-Igniter, Hellion x2  
  121  8:50  SCV x3  
  121  8:51  Siege Tank x2  
  130  9:02  SCV x2  
  132  9:05  Command Center x2  
  132  9:21  Factory  
  132  9:24  Factory  
  132  9:39  Siege Tank  
  132  9:40  Siege Tank  
  132  9:44  Terran Vehicle Weapons Level 2  
  132  9:45  Terran Vehicle And Ship Armor Level 1  
  138  9:51  Supply Depot  
  138  9:53  Supply Depot  
  138  9:54  Viking x2  
  138  9:56  Supply Depot  
  138  9:59  Supply Depot  
  142  10:00  Supply Depot  
  142  10:04  Missile Turret  
  142  10:06  Missile Turret  
  142  10:07  Supply Depot  
  142  10:10  Missile Turret  
  142  10:11  Hi-Sec Auto Tracking  
  142  10:12  Missile Turret  
  142  10:13  SCV x2  
  144  10:41  Sensor Tower  
  144  10:44  Missile Turret  
  144  10:49  Siege Tank x2, Factory Tech Lab x2  
  148  10:50  Command Center  
  148  10:51  Missile Turret  
  143  11:12  Siege Tank x2  
  143  11:13  Viking x2  
  143  11:15  Building Armor  
  153  11:21  Missile Turret  
  153  11:22  Missile Turret  
  153  11:23  Missile Turret  
  153  11:24  Siege Tank x2  
  159  11:25  Missile Turret  
  159  11:27  Orbital Command x2  
  159  11:28  Missile Turret  
  159  11:42  Viking  
  159  11:43  Viking  
  159  11:44  Command Center  
  163  11:48  SCV x2  
  163  11:49  Refinery  
  163  11:50  Starport  
  163  11:53  Refinery  
  165  11:59  Siege Tank x2, Refinery  
  165  12:01  Refinery  
  171  12:08  Siege Tank x2  
  171  12:39  Siege Tank  
  171  12:40  Siege Tank x2, Viking x2  
  180  13:09  Supply Depot  
  180  13:10  Supply Depot  
  180  13:11  Supply Depot, Viking x2  
  178  13:13  Terran Vehicle And Ship Armor Level 2, Viking x2  
  178  13:14  Terran Vehicle Weapons Level 3  
  182  13:33  Thor x2  
  192  13:59  Viking  
  192  14:00  Missile Turret  
  192  14:02  Missile Turret  
  192  14:05  Siege Tank x2  
  195  14:12  Missile Turret  
  195  14:14  Orbital Command  
  195  14:21  Missile Turret  
  189  14:38  Viking x2  
  189  14:39  Siege Tank x3  
  200  15:21  Missile Turret  
  200  15:23  Missile Turret  
  200  15:40  Missile Turret  
  200  15:41  Missile Turret  
  200  15:51  Command Center  
  200  15:54  Command Center  
  200  15:55  Missile Turret  
Show
View Real Time Build Order
Export as new Build Order

chocateboy Terran 

Build Orders: Reaper Expand 

Get SALT Encoding   

  12  0:01  SCV  
  13  0:13  SCV  
  14  0:18  Supply Depot  
  14  0:25  SCV  
  15  0:40  SCV  
  15  0:41  Barracks  
  16  0:46  Refinery  
  16  0:52  SCV  
  17  1:04  SCV  
  18  1:16  SCV  
  19  1:29  Reaper  
  19  1:30  Orbital Command  
  20  1:44  Command Center  
  20  1:56  SCV  
  21  2:08  SCV  
  22  2:13  Barracks Reactor  
  22  2:20  SCV  
  22  2:27  Refinery  
  22  2:32  SCV  
  22  2:33  Factory  
  22  2:35  Barracks  
  22  2:44  SCV  
  23  3:04  Supply Depot  
  23  3:05  Supply Depot  
  23  3:23  Barracks Tech Lab  
  23  3:26  Marine x2, SCV  
  26  3:35  Engineering Bay  
  26  3:37  Factory Tech Lab  
  26  3:38  SCV  
  27  3:47  Marine x2  
  28  3:49  Marine  
  28  3:50  SCV  
  31  3:56  Orbital Command  
  31  3:59  Siege Tank  
  31  4:02  SCV  
  34  4:04  Marine  
  35  4:11  Marine  
  35  4:13  Starport  
  35  4:14  SCV  
  37  4:23  SCV  
  38  4:26  SCV  
  38  4:29  Bunker  
  39  4:31  Supply Depot  
  39  4:35  Marine  
  39  4:36  SCV  
  41  4:38  SCV  
  32  5:03  SCV  
  32  5:04  SCV  
  32  5:15  SCV  
  32  5:16  SCV, Missile Turret x2  
  34  5:23  Marine  
  34  5:24  Marine  
  34  5:28  SCV x2  
  38  5:29  Missile Turret  
  38  5:32  Starport Reactor  
  38  5:33  Missile Turret  
  38  5:37  Marine  
  38  5:40  SCV x2  
  38  5:41  Marine  
  42  5:44  Siege Tank  
  45  5:52  SCV  
  45  5:53  SCV  
  45  5:55  Supply Depot  
  47  6:02  Marine  
  47  6:03  Marine x2  
  50  6:06  SCV  
  50  6:07  SCV  
  52  6:16  Siege Tank  
  56  6:18  SCV  
  56  6:19  SCV  
  56  6:20  Medivac x2  
  61  6:29  Armory  
  61  6:31  Supply Depot  
  61  6:34  Supply Depot, SCV x2  
  61  6:36  Marine  
  64  6:46  SCV  
  65  6:49  SCV  
  65  6:50  Refinery  
  66  6:58  Marine x3, SCV  
  66  7:00  Siege Tank  
  73  7:02  SCV  
  73  7:08  Refinery  
  74  7:10  SCV  
  74  7:14  SCV  
  76  7:16  Marine  
  76  7:17  Marine x2  
  76  7:22  SCV  
  80  7:26  SCV  
  80  7:33  Marine  
  80  7:34  SCV  
  82  7:38  SCV  
  82  7:39  Marine x2  
  82  7:40  Command Center  
  85  7:48  Siege Tank  
  88  7:51  Marine  
  88  7:57  Marine  
  88  7:58  SCV  
  88  7:59  Marine, SCV  
  88  8:01  Medivac  
  93  8:09  Marine, Supply Depot  
  93  8:11  Supply Depot  
  93  8:12  Supply Depot  
  94  8:13  Supply Depot  
  94  8:29  Combat Shields  
  94  8:30  Marine x3  
  94  8:31  Siege Tank, SCV x2  
  94  8:32  Medivac  
  104  8:43  SCV x2  
  106  8:48  Marine x2  
  106  8:51  Marine  
  106  8:55  Orbital Command, SCV x2  
  111  9:05  Barracks  
  111  9:06  Marine x2, Barracks  
  111  9:07  SCV x2  
  111  9:09  Marine  
  116  9:10  Barracks  
  116  9:13  Barracks  
  116  9:14  Terran Infantry Weapons Level 1  
  116  9:19  SCV x2  
  118  9:24  Marine x2  
  120  9:31  SCV  
  120  9:34  Medivac x2  
  125  9:39  SCV x2  
  125  9:43  SCV  
  128  9:47  Refinery x2  
  128  9:48  Terran Vehicle And Ship Armor Level 1  
  128  9:49  Stimpack  
  128  9:55  Armory  
  128  9:56  Barracks Reactor x2  
  128  9:57  Barracks Reactor  
  128  9:59  SCV x2  
  130  10:01  Marine, Barracks Reactor  
  130  10:02  Marine x2  
  130  10:03  SCV  
  134  10:11  SCV  
  135  10:18  Medivac x2  
  135  10:19  Marine  
  135  10:20  Marine  
  141  10:37  Supply Depot  
  141  10:38  Supply Depot x2  
  141  10:41  Marine x2, Siege Tank  
  146  10:44  Command Center  
  144  11:00  Supply Depot  
  144  11:02  Supply Depot  
  144  11:04  Supply Depot  
  144  11:09  Terran Infantry Armor Level 1  
  124  11:12  Marine x4  
  124  11:13  Marine x5  
  124  11:14  Siege Tank  
  124  11:15  Medivac x2  
  140  11:22  Terran Vehicle Weapons Level 1  
  140  11:37  Marine x2  
  140  11:38  Marine x6  
  140  11:39  Marine x3  
  151  11:44  Terran Vehicle And Ship Armor Level 2  
  151  11:46  Siege Tank  
  154  11:55  Marine x3  
  154  11:56  Marine x3  
  160  12:06  Refinery  
  158  12:17  Refinery  
  151  12:23  Marine  
  151  12:24  Marine x7  
  151  12:25  Marine x3  
  151  12:26  Siege Tank  
  151  12:27  Medivac x2  
  169  12:41  Marine x2  
  169  12:43  Planetary Fortress  
  171  12:57  Medivac  
  173  13:02  Terran Infantry Weapons Level 2  
  166  13:52  Marine x5  
  166  13:53  Marine x4  
  166  13:54  Marine x2  
  130  14:08  Siege Tank  
  130  14:09  Medivac x2  
  102  14:10  Marine x7  
  102  14:11  Marine  
  102  14:16  Marine x3  
  103  14:27  Marine  
  103  14:28  Marine x5  
  102  14:33  Starport  
  102  14:37  Starport  
  93  14:40  Siege Tank  
  93  14:49  Starport  
  86  14:56  Marine  
  86  14:57  Marine x6  
  86  14:58  Marine  
  87  15:04  Viking  
  87  15:05  Viking  
  91  15:31  Marine  
  91  15:32  Marine x4  
  91  15:34  Viking  
  91  15:35  Viking  
  90  15:36  Starport Tech Lab x3  
  90  15:40  Fusion Core  
Tags
 
Composition
Mech
League
GoldGold
Matchup
TvT
Race
Terran
Add a new tag
Caveats
  • Supply blocks, unpowered buildings, or Contaminate may cause inaccurate times.
  • Supply counts are checked every 10 seconds.